 Dungeon Crawl Stone Soup version 0.28-a0-687-gb91baff9cc (webtiles) character file.

Game seed: 10018642570396714978

1271 Woods the Magician (level 8, 0/46 HPs)
             Began as a Deep Elf Conjurer on Oct 19, 2021.
             Was an Initiate of Sif Muna.
             Slain by Prince Ribbit (4 damage)
             ... on level 5 of the Dungeon.
             The game lasted 00:11:33 (5768 turns).

Woods the Magician (Deep Elf Conjurer)              Turns: 5768, Time: 00:11:34

Health: 0/46       AC:  3    Str:  4    XL:     8   Next: 28%
Magic:  8/20       EV: 13    Int: 26    God:    Sif Muna [......]
Gold:   170        SH:  0    Dex: 13    Spells: 7/21 levels left

rFire   . . .      SeeInvis .   h - +7 war axe "Oryatiso" {flame, Will+}
rCold   . . .      Faith    .   (no shield)
rNeg    . . .      Spirit   .   a - +0 robe
rPois   .          Reflect  .   (no helmet)
rElec   .          Harm     .   f - +0 cloak
rCorr   +          Rampage  .   (no gloves)
Will    +....                   (no boots)
Stlth   +++.......              (no amulet)
HPRegen 0.15/turn               e - ring of resist corrosion
MPRegen 0.17/turn               (no ring)

@: no status effects
A: no striking features
a: Renounce Religion


You were on level 5 of the Dungeon.
You worshipped Sif Muna.
Sif Muna was noncommittal.
You visited 1 branch of the dungeon, and saw 5 of its levels.

You collected 170 gold pieces.

Inventory:

Hand Weapons
 h - the +7 war axe "Oryatiso" (weapon) {flame, Will+}
   (You found it on level 4 of the Dungeon)

   It burns those it strikes, dealing additional fire damage.
   Big, fiery blades are also staple armaments of hydra-hunters.
   Will:      It increases your willpower.
Armour
 a - a +0 robe (worn)
 f - a +0 cloak (worn)
Jewellery
 e - a ring of resist corrosion (left hand)
Scrolls
 b - 5 scrolls of identify {unknown}
 c - 2 scrolls of silence {unknown}
 g - 2 scrolls of teleportation {unknown}
 k - a scroll of amnesia {unknown}
 l - a scroll of noise {unknown}
 m - a scroll of magic mapping {unknown}
Potions
 d - 2 potions of curing {unknown}
 i - a potion of degeneration {unknown}
 j - a potion of haste {unknown}


   Skills:
 - Level 3.0 Fighting
 - Level 5.0 Dodging
 - Level 5.0 Stealth
 + Level 7.0 Spellcasting
 + Level 6.7 Conjurations
 + Level 3.3 Hexes
 + Level 2.6 Translocations


You had 7 spell levels left.
You knew the following spells:

 Your Spells              Type           Power      Damage    Failure   Level
a - Magic Dart            Conj           100%       1d8       1%          1
b - Searing Ray           Conj           88%        2d7       1%          2
c - Dazzling Flash        Conj/Hex       70%        N/A       2%          3
d - Fulminant Prism       Conj/Hex       17%        3d11      8%          4
e - Iskenderun's Mystic   Conj/Tloc      33%        2d8       9%          4

Your spell library contained the following spells:

 Spells                   Type           Power      Damage    Failure   Level
 Static Discharge         Conj/Air       26%        N/A       2%          2


Dungeon Overview and Level Annotations

Branches:
Dungeon (5/15)             Temple (0/1) D:5

Altars:
Cheibriados
Sif Muna
Trog
Zin

Annotations:
D:5 Prince Ribbit


Message History

Press: ? - help, Shift-Dir - straight line, f - Prince Ribbit
Aim: Prince Ribbit (asleep, 100% to hit)
The searing ray hits Prince Ribbit.
Prince Ribbit is lightly wounded.
Prince Ribbit croaks. (Press . to maintain the ray.)
You hear an angry hiss.
Prince Ribbit croaks regally.
An adder comes into view.
The adder moves out of view.
The searing ray hits Prince Ribbit!
Prince Ribbit is moderately wounded.
The searing ray misses Prince Ribbit.
Prince Ribbit barely misses you.
The searing ray misses Prince Ribbit.
You finish channelling your searing ray.
Prince Ribbit hits you! Prince Ribbit barely misses you.
Casting: Searing Ray (safe; 1% risk of failure)
Confirm with . or Enter, or press ? or * to list all spells.
Casting: Dazzling Flash (dangerous; 2% risk of failure)
Press: ? - help, Dir - look around, f - activate The adder is dazzled.
Prince Ribbit hits you!
* * * LOW HITPOINT WARNING * * *
Prince Ribbit completely misses you.
Unknown command.
Casting: Dazzling Flash (dangerous; 2% risk of failure)
Confirm with . or Enter, or press ? or * to list all spells.
Casting: Dazzling Flash (dangerous; 2% risk of failure)
Press: ? - help, Dir - look around, f - activate Prince Ribbit closely misses you.
Prince Ribbit hits you!
* * * LOW HITPOINT WARNING * * *
Casting: Dazzling Flash (dangerous; 2% risk of failure)
Confirm with . or Enter, or press ? or * to list all spells.
Casting: Dazzling Flash (dangerous; 2% risk of failure)
Press: ? - help, Dir - look around, f - activate Prince Ribbit is dazzled.
The adder is no longer blind.
Prince Ribbit closely misses you. Prince Ribbit misses you.
Prince Ribbit hits you.
You die...

...#############.#
...'..(.....# #.#
...########.# #.#
..........#.# #.#
..........#.# #.#
..........#.# #.#
...########.# #.#
............# #.#
..##.^..###.# #@#
..##....# ### #F#
..##....# #S#
..##....# #.#
..##....# #.#
+###....# #.#
#....# #'#
#....#...§......#
.#
#....#....§.....#


You could see Prince Ribbit (blind) and an adder.

Vanquished Creatures
  Grinder (D:3)
  A water moccasin (D:5)
  Duvessa (D:4)
  An ice beast (D:4)
  2 black bears (D:4)
  An ogre (D:4)
  A scorpion (D:4)
  Dowan (D:4)
  3 wights (D:4)
  A howler monkey (D:4)
  A hound (D:5)
  2 iguanas
  2 orc wizards
  5 adders
  A white imp (D:5)
  An adder zombie (D:5)
  A worm (D:3)
  2 dart slugs (D:1)
  11 orcs
  An endoplasm (D:3)
  4 goblins
  9 hobgoblins
  3 quokkas
  3 ball pythons
  3 bats
  3 frilled lizards
  5 kobolds
  3 rats
  A fulminant prism (D:4)
74 creatures vanquished.

Vanquished Creatures (others)
  7 fulminant prisms
7 creatures vanquished.

Grand Total: 81 creatures vanquished

Notes
Turn   | Place    | Note
-------+----------+-------------------------------------------
     0 | D:1      | Woods the Deep Elf Conjurer began the quest for the Orb.
     0 | D:1      | Reached XP level 1. HP: 10/10 MP: 6/6
   220 | D:1      | Reached XP level 2. HP: 15/15 MP: 4/8
   223 | D:1      | Learned a level 2 spell: Searing Ray
   725 | D:1      | You fall into a shaft and drop 1 floor!
  1229 | D:1      | Reached skill level 4 in Spellcasting
  1978 | D:3      | Noticed Grinder
  1978 | D:3      | Found a snail-covered altar of Cheibriados.
  2016 | D:3      | Reached skill level 5 in Conjurations
  2026 | D:2      | Reached XP level 3. HP: 19/19 MP: 0/10
  2566 | D:3      | Paralysed by Grinder for 3 turns
  2581 | D:3      | Killed Grinder
  2582 | D:3      | Reached skill level 6 in Spellcasting
  2582 | D:3      | Reached XP level 4. HP: 24/24 MP: 1/14
  2582 | D:3      | Reached XP level 5. HP: 28/28 MP: 1/15
  2746 | D:3      | Learned a level 3 spell: Dazzling Flash
  2751 | D:3      | Learned a level 4 spell: Fulminant Prism
  2756 | D:3      | Learned a level 4 spell: Iskenderun's Mystic Blast
  3049 | D:3      | Reached XP level 6. HP: 33/33 MP: 11/17
  3271 | D:3      | Reached skill level 1 in Fighting
  3638 | D:4      | Noticed an ice beast
  3646 | D:4      | Killed an ice beast
  3715 | D:4      | Identified the +7 war axe "Oryatiso" {flame, Will+}
  3785 | D:4      | Reached XP level 7. HP: 40/40 MP: 9/18
  4130 | D:4      | Reached skill level 5 in Dodging
  4130 | D:4      | Reached skill level 5 in Stealth
  4269 | D:4      | Noticed Dowan
  4283 | D:4      | Killed Dowan
  4373 | D:4      | Found a shimmering blue altar of Sif Muna.
  4380 | D:4      | Got Sif Muna's Grimoire of Lightness
  4385 | D:4      | Found a bloodstained altar of Trog.
  4385 | D:4      | Noticed Duvessa
  4487 | D:4      | Killed Duvessa
  4488 | D:4      | Reached skill level 1 in Hexes
  4488 | D:4      | Reached skill level 1 in Translocations
  4777 | D:4      | Became a worshipper of Sif Muna the Loreminder
  4880 | D:4      | Reached XP level 8. HP: 25/46 MP: 5/19
  5044 | D:4      | Found a glowing silver altar of Zin.
  5130 | D:5      | Entered Level 5 of the Dungeon
  5616 | D:5      | Reached skill level 7 in Spellcasting
  5755 | D:5      | Found a staircase to the Ecumenical Temple.
  5755 | D:5      | Noticed Prince Ribbit
  5768 | D:5      | Slain by Prince Ribbit

Illustrated notes

Levels and vault maps discovered:
D:1:      wander_arrival_estate, layout_basic, minivault_24,
          serial_bayou_crossing
D:2:      layout_basic
D:3:      layout_basic, mainiacjoe_overflow_catwalk, uniq_grinder
D:4:      layout_cave_pools, nzn_overflow_gifts_of_might_and_magic,
          mainiacjoe_overflow_surrounded_room, grunt_tough_drop
D:5:      layout_basic, minmay_temple_entry_purple_smoke, grunt_ministairs_13,
          uniq_prince_ribbit1

Skill      XL: |  1  2  3  4  5  6  7  8 |
---------------+-------------------------+-----
Spellcasting   | 4 6 7 |  7.0
Conjurations   | 5 6 |  6.7
Dodging        | 3 4 5 |  5.0
Stealth        | 3 4 5 |  5.0
Fighting       | 2 3 |  3.0
Hexes          | 2 3 |  3.3
Translocations | 1 2 |  2.6

Action                   |  1- 3 |  4- 6 |  7- 9 || total
-------------------------+-------+-------+-------++-------
Melee: Unarmed           |       |     1 |       ||     1
 Cast: Magic Dart        |    67 |    34 |    45 ||   146
       Searing Ray       |     4 |     7 |    13 ||    24
       Fulminant Prism   |       |     1 |     7 ||     8
       Dazzling Flash    |       |       |     8 ||     8
Armor: Robe              |     3 |     2 |     3 ||     8
Dodge: Dodged            |     7 |     2 |    17 ||    26

Table legend: (Time is in decaauts)
 A = Elapsed time spent in this place.
 B = Non-inter-level travel time spent in this place.
 C = Inter-level travel time spent in this place.
 D = Time resting spent in this place.
 E = Time spent auto-exploring this place.
 F = Levels seen in this place.
 G = Mean time per level.
                   A        B        C        D        E       F      G
               +--------+--------+--------+--------+--------+-----+--------+
         Total |   5781 |   5510 |    271 |   1644 |   3124 |   5 | 1156.2 |
       Dungeon |   5781 |   5510 |    271 |   1644 |   3124 |   5 | 1156.2 |
               +--------+--------+--------+--------+--------+-----+--------+

Top non-repeatable levels by time:
     D:4: 1435 daAuts
     D:3: 1347 daAuts
     D:2: 1309 daAuts
     D:1: 1052 daAuts
     D:5: 637 daAuts
